 Dungeon Crawl Stone Soup version 0.13-a0-2484-gc765b08 (webtiles) character file.

214 Rycklaryybbe the Cutter (level 3, -3/30 HPs)
             Began as a Demonspawn Berserker on July 20, 2013.
             Was a Priest of Trog.
             Slain by an orc wizard
             ... wielding a +1,+3 orcish dagger
              (5 damage)
             ... on Level 3 of the Dungeon.
             The game lasted 00:06:14 (2049 turns).

Rycklaryybbe the Cutter (Demonspawn Berserker)      Turns: 2049, Time: 00:06:14

HP  -3/30        AC  2     Str 18      XL: 3   Next: 91%
MP   2/2         EV  9     Int  8      God: Trog [***...]
Gold 150         SH 14     Dex 12      Spells:  0 memorised,  2 levels left

Res.Fire  : . . .   See Invis. : .   r - +2 elf short sword (drain)
Res.Cold  : . . .   Warding    : .   q - +0 animal skin
Life Prot.: . . .   Conserve   : .   j - +0 shield
Res.Poison: .       Res.Corr.  : .   (helmet restricted)
Res.Elec. : .       Clarity    : .   (no cloak)
Sust.Abil.: . .     Spirit.Shd : .   (no gloves)
Res.Mut.  : .       Stasis     : .   (no boots)
Res.Rott. : .       Flight     : .   (no amulet)
Saprovore : . . .                    (no ring)
                                     (no ring)

@: not resistant to hostile enchantments, unstealthy
A: horns 1
a: Burn Spellbooks, Berserk, Trog's Hand, Renounce Religion


You were on level 3 of the Dungeon.
You worshipped Trog.
Trog was greatly pleased with you.
You were very hungry.

You visited 1 branch of the dungeon, and saw 3 of its levels.

You collected 130 gold pieces.

Inventory:

Hand weapons
 a - a +0,+0 short sword
 e - a +2,+0 dagger of venom
 m - a +0,+0 orcish dagger (quivered)
 r - a +2,+2 elven short sword of draining (weapon)
Missiles
 n - 16 darts
 s - 4 silver javelins
 v - 4 poisoned darts
Armour
 b - a +0 animal skin
 j - a +0 shield (worn)
 q - a +0 animal skin (worn)
Comestibles
 c - a bread ration
 p - a pear
Scrolls
 d - 2 scrolls of fog {unknown}
 f - 2 scrolls of teleportation {unknown}
 g - 2 scrolls of fear {unknown}
 h - a scroll of random uselessness {unknown}
 i - a scroll of remove curse {unknown}
 l - 6 scrolls of identify {unknown}
 o - a scroll of enchant weapon I {unknown}
Potions
 k - a potion of invisibility {unknown}
 t - 3 potions of curing {unknown}
 u - a potion of agility {unknown}


   Skills:
 - Level 3.0 Fighting
 + Level 4.2 Short Blades
 - Level 1.7 Armour
 - Level 1.7 Dodging
 - Level 1.0 Stealth
 - Level 0.1 Shields


You had 2 spell levels left.
You didn't know any spells.

Dungeon Overview and Level Annotations

Branches:
Dungeon (3/27)

Altars:


Innate Abilities, Weirdness & Mutations

You have a pair of small horns on your head.


Message History

There is an escape hatch in the ceiling here.
The orc wizard gestures wildly while chanting.
You feel a wave of unholy energy pass over you.
You hit the orc.
You kill the orc!
Trog accepts your kill.
The orc priest invokes the aid of Beogh against you.
Something smites you! The orc wizard casts a spell at you.
The puff of flame hits you!
One of your 2 scrolls labeled SHEHIN VATHUM SANT catches fire!
You barely miss the orc wizard. You block the orc wizard's attack.
You hit the orc wizard.
The orc wizard is moderately wounded.
The orc wizard hits you with an orcish dagger.
The orc wizard points at you and mumbles some strange words.
The puff of flame hits you!
* * * LOW HITPOINT WARNING * * *
The orc wizard hits you with an orcish dagger.
You die...

..ooo.(o......#
...###.####.#.#
# #.#.# #.#.#
#o#.# #.#.#
#o#.# #o#.#
#@#.# #.#.#
#.#.# #.# #.#
... $.. ... ...


You could see an orc priest, an orc wizard and an orc.

Vanquished Creatures
  2 adders
  An orc (D:3)
  2 giant cockroaches
  8 hobgoblins
  A ball python (D:1)
  7 bats
  2 giant newts
  5 goblins
  4 jackals (D:1)
  8 kobolds
  A quokka (D:2)
  15 rats
56 creatures vanquished.

Notes
Turn   | Place    | Note
--------------------------------------------------------------
     0 | D:1      | Rycklaryybbe, the Demonspawn Berserker, began the quest for the Orb.
     0 | D:1      | Reached XP level 1. HP: 18/18 MP: 0/0
   201 | D:1      | Gained mutation: You have a pair of small horns on your head. [demonic ancestry]
   201 | D:1      | Reached XP level 2. HP: 14/24 MP: 1/1
   582 | D:1      | Acquired Trog's second power
   612 | D:1      | Reached XP level 3. HP: 12/30 MP: 2/2
  1055 | D:1      | Reached skill level 4 in Short Blades
  1999 | D:3      | Reached skill level 1 in Stealth
  2049 | D:3      | Slain by an orc wizard

Action                   || total
-------------------------++-------
Melee: Short sword       ||    53
       Dagger            ||    77
Invok: Berserk           ||     1
 Stab: Sleeping          ||     2
